 Dungeon Crawl Stone Soup version 0.29-a0-219-g0a02b1cf4f (webtiles) character file.

Game seed: 13419038047775873990

23 Hasart the Bolt Thrower (level 2, -1/24 HPs)
             Began as a Demigod Hunter on Feb 25, 2022.
             Slain by Sigmund
             ... wielding a +2 scythe of freezing
              (2 damage)
             ... on level 2 of the Dungeon.
             The game lasted 00:01:52 (602 turns).

Hasart the Bolt Thrower (Demigod Hunter)             Turns: 602, Time: 00:01:53

Health: -1/24      AC:  3    Str: 13    XL:     2   Next: 57%
Magic:  4/4        EV: 12    Int: 13    God:
Gold:   58         SH:  0    Dex: 14    Spells: 1/1 levels left

rFire   . . .      SeeInvis .   a - +1 hand crossbow
rCold   . . .      Faith    .   (no shield)
rNeg    . . .      Spirit   .   b - +0 leather armour
rPois   .          Reflect  .   (no helmet)
rElec   .          Harm     .   (no cloak)
rCorr   .          Rampage  .   (no gloves)
Will    .....                   (no boots)
Stlth   ++........              (no amulet)
HPRegen 0.08/turn               (no ring)
MPRegen 0.09/turn               (no ring)

@: no status effects
A: high MP 1, forlorn, divine attributes
a: no special abilities


You were on level 2 of the Dungeon.
You visited 1 branch of the dungeon, and saw 2 of its levels.

You collected 58 gold pieces.

Inventory:

Hand Weapons
 a - a +1 hand crossbow (weapon)
Armour
 b - a +0 leather armour (worn)
Scrolls
 e - a scroll of enchant weapon {unknown}
 f - a scroll of identify {unknown}
 g - a scroll of noise {unknown}
Potions
 c - 2 potions of might {unknown}
 d - a potion of berserk rage {unknown}


   Skills:
 + Level 2.1 Fighting
 * Level 3.9 Crossbows
 + Level 2.1 Dodging
 + Level 1.3 Stealth


You had one spell level left.
You didn't know any spells.
Your spell library contained the following spells:

 Spells                   Type           Power      Damage    Failure   Level
 Sublimation of Blood     Necr           0%         N/A       52%         2
 Wereblood                Tmut           0%         N/A       52%         2
 Summon Hydra             Summ           0%         N/A       100%        7


Dungeon Overview and Level Annotations

Branches:
Dungeon (2/15)

Annotations:
D:2 Sigmund


Innate Abilities, Weirdness & Mutations

You have an increased reservoir of magic. (+10% MP)
You shall have no god before yourself.
Your divine heritage dramatically boosts your attributes as you level up.


Message History

Sigmund is nearby!
You shoot a bolt. The bolt barely misses Sigmund.
Sigmund shouts!
Sigmund casts a spell at you. You resist with significant effort.
You shoot a bolt. The bolt hits Sigmund.
Sigmund is lightly wounded.
You shoot a bolt. The bolt barely misses Sigmund.
You shoot a bolt. The bolt closely misses Sigmund.
Sigmund points at you and mumbles some strange words.
The magic dart hits you.
You shoot a bolt. The bolt closely misses Sigmund.
Sigmund closely misses you.
You shoot a bolt.
The bolt hits Sigmund but does no damage.
Sigmund is lightly wounded.
You shoot a bolt. The bolt hits Sigmund.
Sigmund is moderately wounded.
Sigmund hits you from afar with a +2 scythe of freezing.
Sigmund freezes you.
You are too injured to fight recklessly!
Shoot: a) +1 hand crossbow
Press: ? - help, Q - select action Shift-Dir - straight line, f/p - Sigmund
Aim: Sigmund, wielding a +2 scythe of freezing and wearing a +2 robe of positive energy (moderately wounded, 60% to hit)
You shoot a bolt. The bolt barely misses Sigmund.
Sigmund completely misses you.
Shoot: a) +1 hand crossbow
Press: ? - help, Q - select action Shift-Dir - straight line, f/p - Sigmund
Aim: Sigmund, wielding a +2 scythe of freezing and wearing a +2 robe of positive energy (moderately wounded, 60% to hit)
You shoot a bolt. The bolt hits Sigmund.
Sigmund is moderately wounded.
Sigmund screams, "Die, monster!"
Sigmund closely misses you.
Shoot: a) +1 hand crossbow
Press: ? - help, Q - select action Shift-Dir - straight line, f/p - Sigmund
Aim: Sigmund, wielding a +2 scythe of freezing and wearing a +2 robe of positive energy (moderately wounded, 60% to hit)
You shoot a bolt. The bolt closely misses Sigmund.
Sigmund hits you from afar with a +2 scythe of freezing!
* * * LOW HITPOINT WARNING * * *
Sigmund freezes you.
You die...

#.# #.#
#.# #.#
#.# #.#
#.#
#.####.#
#..@.@.#
#..#####
....
####


You could see Sigmund.

Vanquished Creatures
  A dart slug (D:1)
  3 endoplasms (D:1)
  3 goblins
  A hobgoblin (D:2)
  4 jackals (D:1)
  3 ball pythons (D:1)
  3 kobolds (D:1)
18 creatures vanquished.

Notes
Turn   | Place    | Note
-------+----------+-------------------------------------------
     0 | D:1      | Hasart the Demigod Hunter began the quest for the Orb.
     0 | D:1      | Reached XP level 1. HP: 17/17 MP: 3/3
    98 | D:1      | Reached skill level 1 in Stealth
   151 | D:1      | Reached XP level 2. HP: 24/24 MP: 4/4
   591 | D:2      | Noticed Sigmund
   602 | D:2      | HP: 1/24 [Sigmund/+2 scythe of freezing (11)]
   602 | D:2      | Slain by Sigmund

Illustrated notes

Levels and vault maps discovered:
D:1:      tarquinn_simple_flora_water_f, layout_rooms,
          hellmonk_ecumenical_altar_run_dry
D:2:      layout_basic, basic_altar, uniq_robin, uniq_terence, uniq_sigmund

Skill      XL: |  1  2 |
---------------+-------+-----
Stealth        | 1 |  1.3
Fighting       | 2 |  2.1
Dodging        | 2 |  2.1
Crossbows      | |  3.9

Action                   || total
-------------------------++-------
 Fire: Hand crossbow     ||    52
Armor: Leather armour    ||     2
Dodge: Dodged            ||     8

Table legend: (Time is in decaauts)
 A = Elapsed time spent in this place.
 B = Non-inter-level travel time spent in this place.
 C = Inter-level travel time spent in this place.
 D = Time resting spent in this place.
 E = Time spent auto-exploring this place.
 F = Levels seen in this place.
 G = Mean time per level.
                   A        B        C        D        E       F      G
               +--------+--------+--------+--------+--------+-----+--------+
         Total |    619 |    602 |     17 |      0 |    497 |   2 |  309.5 |
       Dungeon |    619 |    602 |     17 |      0 |    497 |   2 |  309.5 |
               +--------+--------+--------+--------+--------+-----+--------+

Top non-repeatable levels by time:
     D:1: 511 daAuts
     D:2: 107 daAuts
